 Dungeon Crawl Stone Soup version 0.19.3-1-g3169bf9 (webtiles) character file.

2859 Alarkh the Basher (level 9, -1/84 HPs)
             Began as an Ogre Monk on Jan 24, 2017.
             Was a Priest of Okawaru.
             Slain by a yak (11 damage)
             ... on level 8 of the Dungeon.
             The game lasted 00:11:08 (6898 turns).

Alarkh the Basher (Ogre Monk)                       Turns: 6898, Time: 00:11:08

Health: -1/84      AC:  4    Str: 18    XL:     9   Next: 75%
Magic:  10/12      EV: 14    Int: 12    God:    Okawaru [***...]
Gold:   341        SH:  0    Dex: 15    Spells: 0 memorised, 8 levels left

rFire  + + .     SeeInvis .     a - +2 whip (elec)
rCold  . . .     Gourm    .     D - +1 robe
rNeg   . . .     Faith    .     (no shield)
rPois  .         Spirit   .     (helmet restricted)
rElec  .         Reflect  .     (no cloak)
rCorr  .         Harm     .     (gloves unavailable)
MR     .....                    (boots unavailable)
Stlth  +++.......               h - amulet of rage
                                C - +3 ring of dexterity
                                s - ring of protection from fire

@: heroism
A: unfitting armour, fire resistance 1, tough skin 1
a: Heroism, Renounce Religion, Evoke Berserk Rage


You were on level 8 of the Dungeon.
You worshipped Okawaru.
Okawaru was most pleased with you.
You were very hungry.

You visited 2 branches of the dungeon, and saw 10 of its levels.

You collected 341 gold pieces.

Inventory:

Hand Weapons
 a - a +2 whip of electrocution (weapon)
 b - a +0 flail of draining
 o - a +0 flail
 q - a +0 mace of protection
 G - a +0 mace
Armour
 D - a +1 robe (worn)
Jewellery
 h - an amulet of rage (around neck)
 p - an uncursed ring of flight
 s - a ring of protection from fire (left hand)
 C - a +3 ring of dexterity (right hand)
Wands
 m - a wand of lightning (6/15)
 y - a wand of confusion (17/48)
Scrolls
 d - 2 scrolls of enchant armour
 e - a scroll of identify
 f - 7 scrolls of remove curse
 l - a scroll of immolation {unknown}
 n - a scroll of magic mapping {unknown}
 r - a scroll of recharging {unknown}
 t - 3 scrolls of blinking
 x - 2 scrolls of enchant weapon {unknown}
 A - a scroll of noise
 E - 3 scrolls of teleportation
Potions
 j - a potion of might
 k - 4 potions of curing
 u - a potion of agility
 F - a potion of berserk rage
Books
 w - a book of the Sky

   Spells                             Type                      Level
   a - Summon Lightning Spire         Summoning/Air                4
   b - Airstrike                      Air                          4
   c - Silence                        Hexes/Air                    5
   d - Deflect Missiles               Charms/Air                   6
   e - Conjure Ball Lightning         Conjuration/Air              6
   f - Tornado                        Air                          9
Comestibles
 c - 6 bread rations
 g - 2 beef jerkies
 i - 10 fruits
 v - 2 chunks of flesh
 z - a slice of pizza
 B - a meat ration


   Skills:
 - Level 4.0(9.0) Fighting
 * Level 14.7(19.7) Maces & Flails
 - Level 2.6(7.6) Dodging
 - Level 1.4(6.4) Stealth
 + Level 2.4 Invocations
 + Level 4.6 Evocations


You had 8 spell levels left.
You didn't know any spells.

Dungeon Overview and Level Annotations

Branches:
Dungeon (9/15)             Temple (1/1) D:5
   Lair: D:8-11         Orc: D:9-12

Altars:
Ashenzari
Cheibriados
Dithmenos
Elyvilon
Fedhas
Gozag
Hepliaklqana
Kikubaaqudgha
Makhleb
Nemelex Xobeh
Okawaru
Qazlal
Ru
Sif Muna
Trog
Uskayaw
Vehumet
Xom
Yredelemnul
Zin
The Shining One

Shops:
D:7 }!


Innate Abilities, Weirdness & Mutations

You are too large for most types of armour.
You have tough skin. (AC +1)
Your flesh is heat resistant. (rF+)


Message History

* * * LOW HITPOINT WARNING * * *
You climb upwards.
There is a stone staircase leading down here.
You closely miss the yak.
Eat one of 3 chunks of flesh? (ye/n/q)
You start eating one of the 3 chunks of flesh.
The yak gores you!
* * * LOW HITPOINT WARNING * * *
This raw flesh tastes terrible.
You are feeling very hungry.
You hit the yak but do no damage.
There is a sudden explosion of sparks!
The yak is moderately wounded.
The yak gores you.
* * * LOW HITPOINT WARNING * * *
Okay, then.
You gain the combat prowess of a mighty hero.
You hit the yak.
There is a sudden explosion of sparks!
The yak is severely wounded.
The yak gores you!
You die...

.# #. .# ... ..### .#
#.# #.#.. .# #.# #.#.#
.# #.# ..#?# .# #.##
#.#.# #####.######
...###.#.# #..Y@.......
....##.#.####.###.######
............>........
...?##......(.....##.#
....##.#.########## #
.........# #......###
###.##.# #....#


You could see a yak.

Vanquished Creatures
  The ghost of Alarkh the Basher, a novice OgMo of Okawaru (D:6)
  2 yaks
  A hungry ghost (D:7)
  Menkaure (D:5)
  2 orc warriors
  2 sky beasts (D:7)
  2 ice beasts
  A centaur (D:5)
  A crocodile (D:8)
  A bullfrog (D:7)
  A big kobold (D:7)
  3 scorpions
  A wyvern skeleton (D:6)
  A howler monkey (D:5)
  4 crimson imps
  2 orc priests
  2 hounds (D:7)
  2 orc wizards (D:7)
  2 centaur skeletons
  3 iguanas
  3 worker ants (D:5)
  A hound zombie (D:5)
  The ghost of dscm the Sneak, a weakling OpEE (D:4)
  Robin (D:3)
  8 adders
  An ooze (D:1)
  An adder zombie (D:7)
  5 worms
  2 dart slugs (D:1)
  6 leopard geckos
  18 orcs
  8 bats
  3 giant cockroaches
  11 hobgoblins
  4 jackals
  9 kobolds
  2 ball pythons
  2 frilled lizards
  11 goblins
  A leopard gecko skeleton (D:7)
  A quokka skeleton (D:5)
  5 rats
139 creatures vanquished.

Notes
Turn   | Place    | Note
-------+----------+-------------------------------------------
     0 | D:1      | Alarkh the Ogre Monk began the quest for the Orb.
     0 | D:1      | Reached XP level 1. HP: 24/24 MP: 1/1
   290 | D:1      | Reached XP level 2. HP: 31/32 MP: 2/2
   452 | D:1      | Reached skill level 5 in Maces & Flails
   614 | D:1      | Reached XP level 3. HP: 34/39 MP: 3/3
   768 | D:2      | Reached skill level 6 in Maces & Flails
  1371 | D:2      | Reached XP level 4. HP: 47/48 MP: 4/4
  2037 | D:3      | Found a shimmering altar of Xom.
  2042 | D:2      | Reached skill level 1 in Evocations
  2436 | D:3      | Noticed Robin
  2447 | D:3      | Killed Robin
  2447 | D:3      | Reached XP level 5. HP: 45/54 MP: 5/5
  2468 | D:3      | Reached skill level 7 in Maces & Flails
  2628 | D:4      | Noticed an ice beast
  2645 | D:4      | Noticed dscm's ghost (weakling OpEE)
  2667 | D:3      | Killed an ice beast
  2886 | D:4      | Killed dscm's ghost
  2886 | D:4      | Reached XP level 6. HP: 62/62 MP: 7/7
  2914 | D:4      | Reached skill level 8 in Maces & Flails
  2979 | D:4      | Found a glowing golden altar of the Shining One.
  3570 | D:5      | Entered Level 5 of the Dungeon
  3630 | D:5      | Reached skill level 9 in Maces & Flails
  3630 | D:5      | Reached XP level 7. HP: 59/70 MP: 8/8
  3917 | D:5      | Noticed Menkaure
  3927 | D:5      | Killed Menkaure
  3948 | D:5      | Found a staircase to the Ecumenical Temple.
  3957 | Temple   | Entered the Ecumenical Temple
  4078 | Temple   | Became a worshipper of Warmaster Okawaru
  4078 | Temple   | Reached * piety under Okawaru
  4078 | Temple   | Reached ** piety under Okawaru
  4217 | D:7      | Reached skill level 10 in Maces & Flails
  4976 | D:5      | Found a deep blue altar of Sif Muna.
  5226 | D:6      | Reached XP level 8. HP: 78/78 MP: 10/10
  5355 | D:6      | Reached skill level 11 in Maces & Flails
  5369 | D:6      | Found a burning altar of Makhleb.
  5370 | D:6      | Found a radiant altar of Vehumet.
  5467 | D:6      | Noticed Alarkh's ghost (novice OgMo)
  5493 | D:6      | Killed Alarkh's ghost
  5493 | D:6      | Reached skill level 12 in Maces & Flails
  5493 | D:6      | Reached XP level 9. HP: 27/84 MP: 12/12
  5816 | D:6      | Reached skill level 13 in Maces & Flails
  5857 | D:6      | Reached *** piety under Okawaru
  6008 | D:7      | Gained mutation: Your flesh is heat resistant. (rF+) [potion of beneficial mutation]
  6495 | D:7      | Reached skill level 14 in Maces & Flails
  6608 | D:7      | Found Xaceitwa's Distillery.
  6611 | D:7      | Reached skill level 1 in Invocations
  6701 | D:7      | Found Huorchikk's Gadget Emporium.
  6863 | D:9      | Reached **** piety under Okawaru
  6898 | D:8      | Slain by a yak

Skill      XL: |  1  2  3  4  5  6  7  8  9 |
---------------+----------------------------+-----
Maces & Flails | 5 6 7 9 10 12 14 | 14.7
Evocations     | 1 2 3 4 |  4.6
Invocations    | 2 |  2.4
Fighting       | |  4.0
Dodging        | |  2.6
Stealth        | |  1.4

Action                   |  1- 3 |  4- 6 |  7- 9 || total
-------------------------+-------+-------+-------++-------
Melee: Mace              |    84 |   167 |   140 ||   391
       Flail             |       |    38 |   113 ||   151
       Whip              |       |       |    52 ||    52
Invok: Heroism           |       |       |     1 ||     1
 Abil: Evoke Berserk Rag |     1 |     4 |     5 ||    10
  Use: Potion            |     1 |     1 |     2 ||     4
       Scroll            |     1 |       |     7 ||     8
 Stab: Sleeping          |     2 |     2 |     4 ||     8
       Distracted        |       |     1 |       ||     1
  Eat: Chunk             |     3 |    10 |    15 ||    28
Armor: Robe              |    37 |    67 |    83 ||   187
Dodge: Dodged            |    49 |   100 |   123 ||   272
